 Dungeon Crawl Stone Soup version 0.23.2-33-g5129a83184 (webtiles) character file.

Game seed: 7797104125300945167

508 Descartes the Shield-Bearer (level 7, -7/47 HPs)
             Began as an Octopode Fighter on July 2, 2019.
             Mangled by a centaur
             ... wielding a +0 flail
              (15 damage)
             ... on level 4 of the Dungeon.
             The game lasted 00:07:11 (4520 turns).

Descartes the Shield-Bearer (Octopode Fighter)      Turns: 4520, Time: 00:07:13

Health: -7/47      AC:  1    Str: 15    XL:     7   Next: 18%
Magic:  7/7        EV: 13    Int: 10    God:
Gold:   135        SH:  9    Dex: 14    Spells: 6/6 levels left

rFire    . . .     SeeInvis .   a - +0 long sword
rCold    . . .     Gourm    .   u - +0 shield
rNeg     + . .     Faith    .   f - +0 hat
rPois    .         Spirit   .   (no amulet)
rElec    .         Reflect  .   h - ring of positive energy
rCorr    .         Harm     .   (no ring)
MR       .....                  (no ring)
Stlth    +++.......             (no ring)
HPRegen  0.15/turn              (no ring)
MPRegen  0.10/turn              (no ring)
                                (no ring)
                                (no ring)

@: no status effects
A: almost no armour, stealthy swim, amphibious, 8 rings, constrict 8, camouflage
1, gelatinous body 1
a: no special abilities


You were on level 4 of the Dungeon.
You were not hungry.

You visited 1 branch of the dungeon, and saw 5 of its levels.

You collected 135 gold pieces.

Inventory:

Hand Weapons
 a - a +0 long sword (weapon)
 b - a +0 hunting sling
 y - a +0 rapier
Missiles
 e - 48 sling bullets
 m - 2 curare-tipped needles
 n - 207 stones (quivered)
 o - 67 arrows
 w - 4 poisoned needles
 A - 22 bolts
Armour
 f - a +0 hat (worn)
 u - a +0 shield (worn)
Jewellery
 h - a ring of positive energy (left tentacle)
 z - an uncursed ring of stealth {unknown}
Scrolls
 g - 2 scrolls of enchant weapon {unknown}
 k - a scroll of immolation {unknown}
 p - 2 scrolls of random uselessness {unknown}
 s - a scroll of teleportation {unknown}
 t - 3 scrolls of identify {unknown}
 v - 2 scrolls of remove curse {unknown}
 B - a scroll of fog {unknown}
Potions
 c - a potion of might
 i - a potion of lignification {unknown}
 j - a potion of magic {unknown}
 l - a potion of degeneration {unknown}
 q - a potion of heal wounds {unknown}
 r - a potion of mutation {unknown}
 x - a potion of haste {unknown}
 C - a potion of curing {unknown}
 D - a potion of brilliance {unknown}
Comestibles
 d - 10 rations


   Skills:
 + Level 3.9 Fighting
 + Level 1.6(3.1) Short Blades
 * Level 4.2(4.4) Long Blades
 + Level 4.0 Dodging
 + Level 3.5 Stealth
 * Level 4.7 Shields


You had 6 spell levels left.
You didn't know any spells.
Your spell library contained the following spells:

 Spells                   Type           Power        Failure   Level  Hunger
 Flame Tongue             Conj/Fire      #....        80%         1    ##.....
 Cause Fear               Hex            #.........   100%        4    #####..
 Bolt of Fire             Conj/Fire      #.........   100%        6    #######
 Dragon Form              Tmut           #.........   100%        7    #######
 Dragon's Call            Summ           #.........   100%        9    #######


Dungeon Overview and Level Annotations

Branches:
Dungeon (5/15)
 Temple: D:4-7

Altars:
Cheibriados
Gozag
Ru
Vehumet
Zin
The Shining One

Annotations:
D:4 3 runed translucent doors, PeSeC's ghost, novice MiFi
D:5 Sigmund


Innate Abilities, Weirdness & Mutations

You cannot wear most types of armour.
You are very stealthy in the water. (Stealth+)
You are amphibious.
You can wear up to eight rings at the same time.
You can use your tentacles to constrict eight enemies at once.
Your skin changes colour to match your surroundings (Stealth+).
Your rubbery body absorbs attacks. (AC +1, EV +1)


Message History

The centaur is moderately wounded.
You block the centaur's attack.
You hit the centaur.
The centaur is heavily wounded.
The centaur barely misses you. You block the centaur's attack.
The centaur hits you! The centaur misses you. The centaur hits you!
You hit the centaur but do no damage.
The centaur is heavily wounded.
The centaur misses you. You block the centaur's attack.
The centaur barely misses you. The centaur misses you. The centaur hits you!
You climb upwards.
Level annotation: 3 runed translucent doors, PeSeC's ghost, novice MiFi
There is a stone staircase leading down here.
You barely miss the centaur. You squeeze the centaur!
You kill the centaur!
Your Dodging skill increases to level 4!
The centaur hits you with a +0 flail!
* * * LOW HITPOINT WARNING * * *
The centaur hits you with a +0 flail!
You die...

...# #.#.# #.#
######## ...# #.#.#
#.# #.......
##.###.#>########.#
#.######
##.##.............#
#.#
##.##.#############
#.# ##........# #.#
#####.###.# #.#
......#
#.################.#
#######
#......c@).........#
####################


You could see a centaur.

Vanquished Creatures
  A phantom (D:4)
  A centaur (D:4)
  2 jellies
  2 iguanas (D:4)
  A worker ant (D:5)
  3 gnolls (D:4)
  9 adders
  2 oozes (D:3)
  2 worms (D:3)
  4 leopard geckos
  6 orcs
  A ball python (D:1)
  2 giant cockroaches
  9 goblins
  6 hobgoblins
  8 jackals
  5 kobolds
  5 quokkas
  5 bats
  2 frilled lizards (D:3)
  9 rats
  A plant (D:3)
86 creatures vanquished.

Notes
Turn   | Place    | Note
-------+----------+-------------------------------------------
     0 | D:1      | Descartes the Octopode Fighter began the quest for the Orb.
     0 | D:1      | Reached XP level 1. HP: 16/16 MP: 1/1
   127 | D:1      | Reached XP level 2. HP: 20/21 MP: 2/2
   346 | D:1      | Reached skill level 1 in Stealth
   470 | D:1      | Reached XP level 3. HP: 22/26 MP: 3/3
  1358 | D:2      | Reached XP level 4. HP: 27/31 MP: 4/4
  1525 | D:2      | Found a radiant altar of Vehumet.
  1699 | D:3      | Found a glowing golden altar of the Shining One.
  2178 | D:3      | Reached XP level 5. HP: 34/36 MP: 5/5
  2750 | D:3      | Found a sacrificial altar of Ru.
  3177 | D:4      | Found a runed translucent gate.
  3177 | D:4      | Found a runed translucent gate.
  3177 | D:4      | Found a runed translucent gate.
  3177 | D:4      | Noticed PeSeC's ghost (novice MiFi)
  3190 | D:4      | Found a snail-covered altar of Cheibriados.
  3216 | D:4      | Found an opulent altar of Gozag.
  3293 | D:4      | Reached XP level 6. HP: 34/43 MP: 6/6
  3510 | D:4      | Noticed a phantom
  3520 | D:4      | Reached skill level 1 in Short Blades
  3556 | D:4      | Killed a phantom
  3765 | D:4      | Found a glowing silver altar of Zin.
  4109 | D:5      | Entered Level 5 of the Dungeon
  4162 | D:5      | Noticed Sigmund
  4176 | D:5      | HP: 2/43 [something/puff of flame (6)]
  4513 | D:5      | Reached XP level 7. HP: 45/47 MP: 7/7
  4520 | D:4      | Mangled by a centaur

Skill      XL: |  1  2  3  4  5  6  7 |
---------------+----------------------+-----
Stealth        | 1 2 3 |  3.5
Long Blades    | 3 4 |  4.2
Shields        | 4 |  4.7
Short Blades   | 1 |  1.6
Dodging        | 4 |  4.0
Fighting       | |  3.9

Action                   |  1- 3 |  4- 6 |  7- 9 || total
-------------------------+-------+-------+-------++-------
Melee: Long sword        |    58 |   124 |     5 ||   187
       Constrict         |    17 |    33 |       ||    50
       Tentacles         |     9 |    33 |     2 ||    44
 Stab: Sleeping          |     3 |    10 |       ||    13
  Eat: Chunk             |     1 |     7 |       ||     8
       Ration            |       |     1 |       ||     1
Armor: Skin              |    10 |     6 |       ||    16
Dodge: Dodged            |    26 |    59 |     6 ||    91
Block: Shield            |    24 |    58 |     5 ||    87
       Rpst.: Long sword |     5 |    18 |     1 ||    24
